| TOP OF THE 1ST |
|
Kannapolis Intimidators batting - Pitching for Lake County Captains : RHP Alex Mora
|
|
Pitching: RHP Alex Mora
|
|
|
Batting: RHB Sean Peake
|
0-0: Ground out 6-3 (Groundball, 6, EV 81.2 MPH)
|
|
Batting: RHB Tatsunori Hayakawa
|
0-0: Ball 1-0: Foul Ball, location: 2F 1-1: Ball 2-1: Foul Ball, location: 2F 2-2: Strikes out swinging
|
|
Batting: RHB Mark Jones
|
0-0: Ground out 6-3 (Groundball, 6, EV 90.6 MPH)
|
| Top of the 1st over - 0 runs, 0 hits, 0 errors, 0 left on base; Kannapolis 0 - Lake County 0 |
| BOTTOM OF THE 1ST |
|
Lake County Captains batting - Pitching for Kannapolis Intimidators : RHP Gabe Wagner
|
|
Pitching: RHP Gabe Wagner
|
|
|
Batting: RHB George Wagner
|
0-0: Called Strike 0-1: Called Strike 0-2: Ball 1-2: Strikes out swinging
|
|
Batting: RHB Steve Gusman
|
0-0: Ball 1-0: Swinging Strike 1-1: Fly out, F9 (Line Drive, 89M, EV 101.2 MPH)
|
|
Batting: RHB Anibal Casteles
|
0-0: SINGLE (Groundball, 34D, EV 97.5 MPH)
|
|
Batting: RHB Josh Patterson
|
0-0: Ball 1-0: Ball 2-0: Ball 3-0: Called Strike 3-1: Base on Balls Anibal Casteles to second
|
|
Batting: RHB Adam McMillen
|
0-0: Called Strike 0-1: Ball 1-1: Called Strike 1-2: Ball 2-2: Strikes out swinging
|
| Bottom of the 1st over - 0 runs, 1 hit, 0 errors, 2 left on base; Kannapolis 0 - Lake County 0 |
| TOP OF THE 2ND |
|
Kannapolis Intimidators batting - Pitching for Lake County Captains : RHP Alex Mora
|
|
Batting: LHB Herkko Haavikko
|
0-0: Foul Ball, location: 2F 0-1: Swinging Strike 0-2: Ball 1-2: Foul Ball, location: 2F 1-2: Ball 2-2: Ball 3-2: Ground out 6-3 (Groundball, 6M, EV 105.6 MPH)
|
|
Batting: RHB Nick Kleckner
|
0-0: Called Strike 0-1: Ball 1-1: Ball 2-1: Called Strike 2-2: Ground out 6-3 (Groundball, 6MS, EV 73.1 MPH)
|
|
Batting: RHB Armando Vazquez
|
0-0: Called Strike 0-1: Foul Ball, location: 2F 0-2: Fly out, F9 (Flyball, 9, EV 80.6 MPH)
|
| Top of the 2nd over - 0 runs, 0 hits, 0 errors, 0 left on base; Kannapolis 0 - Lake County 0 |
| BOTTOM OF THE 2ND |
|
Lake County Captains batting - Pitching for Kannapolis Intimidators : RHP Gabe Wagner
|
|
Batting: LHB Brandon Hopper
|
0-0: Ball 1-0: Foul Ball, location: 2F 1-1: Swinging Strike 1-2: Ball 2-2: Foul Ball, location: 2F 2-2: Strikes out swinging
|
|
Batting: RHB Bill Ortiz
|
0-0: Called Strike 0-1: Ball 1-1: Ball 2-1: Ground out U3 (Groundball, 34, EV 81.2 MPH)
|
|
Batting: RHB Jeremy Givens
|
0-0: Ball 1-0: Foul Ball, location: 2F 1-1: Ball 2-1: SINGLE (Line Drive, 4MD, EV 103.1 MPH)
|
|
Batting: RHB Reynaldo Herrera
|
0-0: Foul Ball, location: 2F 0-1: Foul Ball, location: 2F 0-2: Ball 1-2: Fielders Choice at 2nd, 6-4 (Groundball, 6, EV 88.1 MPH)
|
| Bottom of the 2nd over - 0 runs, 1 hit, 0 errors, 1 left on base; Kannapolis 0 - Lake County 0 |
| TOP OF THE 3RD |
|
Kannapolis Intimidators batting - Pitching for Lake County Captains : RHP Alex Mora
|
|
Batting: SHB Jose Castillo
|
0-0: Fly out, F5 (Popup, 56, EV 75.6 MPH)
|
|
Batting: RHB Dunlang Clark
|
0-0: Ball 1-0: Ball 2-0: Called Strike 2-1: Ground out 4-3 (Groundball, 4MS, EV 73.1 MPH)
|
|
Batting: RHB Santos Guadalupe
|
0-0: Called Strike 0-1: Ball 1-1: Foul Ball, location: 2F 1-2: Ground out 5-3 (Groundball, 5, EV 84.4 MPH)
|
| Top of the 3rd over - 0 runs, 0 hits, 0 errors, 0 left on base; Kannapolis 0 - Lake County 0 |
| BOTTOM OF THE 3RD |
|
Lake County Captains batting - Pitching for Kannapolis Intimidators : RHP Gabe Wagner
|
|
Batting: RHB George Wagner
|
0-0: Ground out 4-3 (Groundball, 4, EV 86.2 MPH)
|
|
Batting: RHB Steve Gusman
|
0-0: Foul Ball, location: 2F 0-1: Ball 1-1: Ground out 3-1 (Groundball, 34S, EV 87.5 MPH)
|
|
Batting: RHB Anibal Casteles
|
0-0: Ball 1-0: Foul Ball, location: 2F 1-1: Called Strike 1-2: Ball 2-2: Ball 3-2: Strikes out looking
|
| Bottom of the 3rd over - 0 runs, 0 hits, 0 errors, 0 left on base; Kannapolis 0 - Lake County 0 |
| TOP OF THE 4TH |
|
Kannapolis Intimidators batting - Pitching for Lake County Captains : RHP Alex Mora
|
|
Batting: RHB Sean Peake
|
0-0: Ball 1-0: SINGLE (Groundball, 56D, EV 100.6 MPH)
|
|
Batting: RHB Tatsunori Hayakawa
|
0-0: Ball 1-0: Foul Ball, location: 2F 1-1: Called Strike 1-2: Foul Ball, location: 2F 1-2: 2-RUN HOME RUN (Flyball, 89XD, EV 101.9 MPH), Distance : 410 ft
|
|
Batting: RHB Mark Jones
|
0-0: Ball 1-0: Fly out, F7 (Line Drive, 7LM, EV 101.9 MPH)
|
|
Batting: LHB Herkko Haavikko
|
0-0: Called Strike 0-1: Ball 1-1: Ball 2-1: Called Strike 2-2: Strikes out swinging
|
|
Batting: RHB Nick Kleckner
|
0-0: DOUBLE (Line Drive, 9LS, EV 100.0 MPH)
|
|
Batting: RHB Armando Vazquez
|
0-0: Ball 1-0: Called Strike 1-1: Ball 2-1: Ball 3-1: Foul Ball, location: 2F 3-2: Strikes out swinging
|
| Top of the 4th over - 2 runs, 3 hits, 0 errors, 1 left on base; Kannapolis 2 - Lake County 0 |
| BOTTOM OF THE 4TH |
|
Lake County Captains batting - Pitching for Kannapolis Intimidators : RHP Gabe Wagner
|
|
Batting: RHB Josh Patterson
|
0-0: Ball 1-0: Ball 2-0: Ball 3-0: Called Strike 3-1: Base on Balls
|
|
Batting: RHB Adam McMillen
|
0-0: Foul Ball, location: 2F 0-1: Ball 1-1: Ball Wild Pitch! Josh Patterson to second 2-1: Swinging Strike 2-2: Strikes out looking
|
|
Batting: LHB Brandon Hopper
|
0-0: Called Strike 0-1: Ball 1-1: Ball 2-1: Ground out 4-3 (Groundball, 4M, EV 109.4 MPH) Josh Patterson to third
|
|
Batting: RHB Bill Ortiz
|
0-0: Ball 1-0: Ball 2-0: Ground out 6-3 (Groundball, 56, EV 98.1 MPH)
|
| Bottom of the 4th over - 0 runs, 0 hits, 0 errors, 1 left on base; Kannapolis 2 - Lake County 0 |
| TOP OF THE 5TH |
|
Kannapolis Intimidators batting - Pitching for Lake County Captains : RHP Alex Mora
|
|
Batting: SHB Jose Castillo
|
0-0: Ball 1-0: Ball 2-0: Called Strike 2-1: Ground out 5-3 (Groundball, 56, EV 80.6 MPH)
|
|
Batting: RHB Dunlang Clark
|
0-0: Foul Ball, location: 2F 0-1: Foul Ball, location: 2F 0-2: DOUBLE (Line Drive, 9LS, EV 105.0 MPH)
|
|
Batting: RHB Santos Guadalupe
|
0-0: Ball Dunlang Clark is caught stealing 3rd base 2-5 1-0: Ground out 6-3 (Groundball, 6, EV 86.2 MPH)
|
| Top of the 5th over - 0 runs, 1 hit, 0 errors, 0 left on base; Kannapolis 2 - Lake County 0 |
| BOTTOM OF THE 5TH |
|
Lake County Captains batting - Pitching for Kannapolis Intimidators : RHP Gabe Wagner
|
|
Batting: RHB Jeremy Givens
|
0-0: Ball 1-0: TRIPLE (Flyball, 78XD, EV 96.2 MPH)
|
|
Batting: RHB Reynaldo Herrera
|
0-0: Ball 1-0: Foul Ball, location: 2F 1-1: SINGLE (Groundball, 6MD, EV 100.0 MPH) Jeremy Givens scores
|
|
Batting: RHB George Wagner
|
0-0: Ball 1-0: Called Strike 1-1: Swinging Strike 1-2: SINGLE (Line Drive, 4MD, EV 95.6 MPH) Reynaldo Herrera to second
|
|
Batting: RHB Steve Gusman
|
0-0: Called Strike 0-1: Called Strike 0-2: Ball 1-2: Fly out, F8 (Flyball, 8RM, EV 83.1 MPH)
|
|
Batting: RHB Anibal Casteles
|
0-0: Ball 1-0: Swinging Strike 1-1: Foul Ball, location: 2F 1-2: Strikes out swinging
|
|
Batting: RHB Josh Patterson
|
0-0: Ball 1-0: Ground out 6-3 (Groundball, 6S, EV 78.8 MPH)
|
| Bottom of the 5th over - 1 run, 3 hits, 0 errors, 2 left on base; Kannapolis 2 - Lake County 1 |
| TOP OF THE 6TH |
|
Kannapolis Intimidators batting - Pitching for Lake County Captains : RHP Alex Mora
|
|
Batting: RHB Sean Peake
|
0-0: Swinging Strike 0-1: DOUBLE (Line Drive, 9LD, EV 98.8 MPH)
|
|
Batting: RHB Tatsunori Hayakawa
|
0-0: Ball 1-0: Ball 2-0: Fly out, F8 (Flyball, 8LD, EV 82.5 MPH)
|
|
Batting: RHB Mark Jones
|
0-0: Ball 1-0: Called Strike 1-1: Ball 2-1: Foul Ball, location: 2F 2-2: Strikes out swinging
|
|
Batting: LHB Herkko Haavikko
|
0-0: Reached on error, E3 (Groundball, 34S, EV 88.1 MPH) Sean Peake to third
|
|
Batting: RHB Nick Kleckner
|
0-0: Ground out 4-3 (Groundball, 4, EV 87.5 MPH)
|
| Top of the 6th over - 0 runs, 1 hit, 1 error, 2 left on base; Kannapolis 2 - Lake County 1 |
| BOTTOM OF THE 6TH |
|
Lake County Captains batting - Pitching for Kannapolis Intimidators : RHP Gabe Wagner
|
|
Batting: RHB Adam McMillen
|
0-0: Called Strike 0-1: Ball 1-1: Ball 2-1: Foul Ball, location: 2F 2-2: Strikes out swinging, 2-3 out at first.
|
|
Batting: LHB Brandon Hopper
|
0-0: Ball 1-0: Ball 2-0: Ball 3-0: Called Strike 3-1: SINGLE (Line Drive, 9LS, EV 96.9 MPH)
|
|
Batting: RHB Bill Ortiz
|
0-0: Ball Brandon Hopper is caught stealing 2nd base 2-4 1-0: SINGLE (Groundball, 56, EV 100.0 MPH) (infield hit)
|
|
Batting: RHB Jeremy Givens
|
0-0: Swinging Strike 0-1: Foul Ball, location: 2F 0-2: Strikes out swinging
|
| Bottom of the 6th over - 0 runs, 2 hits, 0 errors, 1 left on base; Kannapolis 2 - Lake County 1 |
| TOP OF THE 7TH |
|
Kannapolis Intimidators batting - Pitching for Lake County Captains : RHP Alex Mora
|
|
Batting: RHB Armando Vazquez
|
0-0: Called Strike 0-1: Ball 1-1: Ball 2-1: Hit by Pitch
|
|
Batting: SHB Jose Castillo
|
0-0: Ball 1-0: Bunt - Flyout to 13S! F1
|
|
Batting: RHB Dunlang Clark
|
0-0: Called Strike 0-1: Called Strike Armando Vazquez steals 2nd base 0-2: Fly out, F9 (Flyball, 89M, EV 84.4 MPH)
|
|
Batting: RHB Santos Guadalupe
|
0-0: Called Strike 0-1: Foul Ball, location: 2F 0-2: Ball 1-2: Ball 2-2: Strikes out swinging
|
| Top of the 7th over - 0 runs, 0 hits, 0 errors, 1 left on base; Kannapolis 2 - Lake County 1 |
| BOTTOM OF THE 7TH |
|
Lake County Captains batting - Pitching for Kannapolis Intimidators : RHP Gabe Wagner
|
|
Pinch Hitting: LHB Ben Rubenacker
|
0-0: Ball 1-0: Ball 2-0: Ball 3-0: Base on Balls
|
|
Pitching: RHP Dicky Goedhart
|
|
|
Pinch Hitting: LHB Vinny Carreno
|
0-0: Ground out 6-3 (Groundball, 6MS, EV 85.6 MPH) Ben Rubenacker to second
|
|
Pinch Hitting: LHB John Shults
|
0-0: Foul Ball, location: 2F 0-1: Foul Ball, location: 2F 0-2: Ground out 5-3 (Groundball, 56S, EV 73.1 MPH) Ben Rubenacker to third
|
|
Batting: RHB Anibal Casteles
|
0-0: Ball 1-0: Ball 2-0: Swinging Strike 2-1: Foul Ball, location: 2F 2-2: Strikes out swinging
|
| Bottom of the 7th over - 0 runs, 0 hits, 0 errors, 1 left on base; Kannapolis 2 - Lake County 1 |
| TOP OF THE 8TH |
|
Kannapolis Intimidators batting - Pitching for Lake County Captains : RHP Alex Mora
|
|
Now at 2B: John Bianconi
|
|
|
Now in LF: Brandon Hopper
|
|
|
Now in CF: Devon Grant
|
|
|
Now in RF: John Shults
|
|
|
Batting: RHB Sean Peake
|
0-0: Foul Ball, location: 2F 0-1: Ball 1-1: Fly out, F8 (Flyball, 8LD, EV 94.4 MPH)
|
|
Batting: RHB Tatsunori Hayakawa
|
0-0: Foul Ball, location: 2F 0-1: Called Strike 0-2: Ball 1-2: Ball 2-2: Foul Ball, location: 2F 2-2: Ball 3-2: Foul Ball, location: 2F 3-2: Foul Ball, location: 2F 3-2: Base on Balls
|
|
Pitching: LHP Valentin Ciubotariu
|
|
|
Batting: RHB Mark Jones
|
0-0: Ball 1-0: Ball 2-0: Ball 3-0: Called Strike 3-1: Base on Balls Tatsunori Hayakawa to second
|
|
Batting: LHB Herkko Haavikko
|
0-0: Ball 1-0: Called Strike 1-1: Foul Ball, location: 2F 1-2: Strikes out looking
|
|
Batting: RHB Nick Kleckner
|
0-0: Called Strike 0-1: Ball 1-1: Ball 2-1: Ball 3-1: Ground out 4-3 (Groundball, 4, EV 100.6 MPH)
|
| Top of the 8th over - 0 runs, 0 hits, 0 errors, 2 left on base; Kannapolis 2 - Lake County 1 |
| BOTTOM OF THE 8TH |
|
Lake County Captains batting - Pitching for Kannapolis Intimidators : RHP Dicky Goedhart
|
|
Now at 1B: Luwen Storm
|
|
|
Now in LF: Jose Castillo
|
|
|
Pinch Hitting: LHB Jeff Palmowski
|
0-0: Called Strike 0-1: Swinging Strike 0-2: Strikes out swinging
|
|
Pinch Hitting: LHB Aaron Caron
|
0-0: Ball 1-0: Called Strike 1-1: SINGLE (Line Drive, 4D, EV 94.4 MPH)
|
|
Batting: LHB Brandon Hopper
|
0-0: Ball 1-0: Fly out, F8 (Line Drive, 8LD, EV 83.8 MPH)
|
|
Batting: LHB Rich Walker
|
0-0: Ball 1-0: Called Strike 1-1: Ball 2-1: Fly out, F6 (Popup, 6MD, EV 53.1 MPH)
|
| Bottom of the 8th over - 0 runs, 1 hit, 0 errors, 1 left on base; Kannapolis 2 - Lake County 1 |
| TOP OF THE 9TH |
|
Kannapolis Intimidators batting - Pitching for Lake County Captains : LHP Valentin Ciubotariu
|
|
Pitching: RHP Justin Stone
|
|
|
Now at 1B: Harris Leroux
|
|
|
Now at 3B: Chris Diaz
|
|
|
Now at SS: Jeremy Givens
|
|
|
Batting: RHB Armando Vazquez
|
0-0: SOLO HOME RUN (Flyball, 9D, EV 94.4 MPH), Distance : 371 ft
|
|
Batting: SHB Jose Castillo
|
0-0: Called Strike 0-1: Foul Ball, location: 2F 0-2: Ball 1-2: Ground out U3 (Groundball, 3, EV 103.1 MPH)
|
|
Batting: RHB Dunlang Clark
|
0-0: Fly out, F3 (Popup, 3D, EV 54.4 MPH)
|
|
Batting: RHB Santos Guadalupe
|
0-0: Ground out 6-3 (Groundball, 6, EV 103.8 MPH)
|
| Top of the 9th over - 1 run, 1 hit, 0 errors, 0 left on base; Kannapolis 3 - Lake County 1 |
| BOTTOM OF THE 9TH |
|
Lake County Captains batting - Pitching for Kannapolis Intimidators : RHP Dicky Goedhart
|
|
Pitching: RHP Nate Myers
|
|
|
Batting: RHB Jeremy Givens
|
0-0: Ball 1-0: Foul Ball, location: 2F 1-1: Swinging Strike 1-2: Foul Ball, location: 2F 1-2: Strikes out looking
|
|
Batting: LHB Devon Grant
|
0-0: Foul Ball, location: 2F 0-1: Called Strike 0-2: Ball 1-2: Foul Ball, location: 2F 1-2: Ball 2-2: Ball 3-2: Foul Ball, location: 2F 3-2: Strikes out swinging
|
|
Pinch Hitting: SHB Travis Burnett
|
0-0: Foul Ball, location: 2F 0-1: Ball 1-1: Ball 2-1: SINGLE (Groundball, 34D, EV 85.0 MPH) (infield hit)
|
|
Batting: LHB John Shults
|
0-0: Ball 1-0: Ground out 5-3 (Groundball, 56S, EV 86.9 MPH)
|
| Bottom of the 9th over - 0 runs, 1 hit, 0 errors, 1 left on base; Kannapolis 3 - Lake County 1 |
|